 Dungeon Crawl Stone Soup version 0.30-b1-2-g02819fbbbe (webtiles) character file.

Game seed: 2987153588394969299

42 Anon1729 the Trooper (level 3, -17/34 HPs)
             Began as a Minotaur Monk on Sept 19, 2023.
             Demolished by a sleepcap (21 damage)
             ... on level 2 of the Dungeon.
             The game lasted 00:00:42 (1141 turns).

Anon1729 the Trooper (Minotaur Monk)                Turns: 1141, Time: 00:00:44

Health: -17/34     AC:  2    Str: 15    XL:     3   Next: 33%
Magic:  2/2        EV:  2    Int:  7    God:
Gold:   59         SH:  0    Dex: 14    Spells: 2/2 levels left

rFire   . . .        a - +0 short sword
rCold   . . .        d - orb {light}
rNeg    . . .        b - +0 robe
rPois   .            (helmet restricted)
rElec   .            (no cloak)
rCorr   .            (no gloves)
SInv    .            (no boots)
Will    .....        (no amulet)
Stlth   +            (no ring)
HPRegen 0.25/turn    (no ring)
MPRegen 0.08/turn

%: no passive effects
@: sleeping, glowing
A: horns 2, retaliatory headbutt
a: no special abilities


You were on level 2 of the Dungeon.
You visited 1 branch of the dungeon, and saw 2 of its levels.

You collected 59 gold pieces.

Inventory:

Hand Weapons
 a - a +0 short sword (weapon)
Armour
 b - a +0 robe (worn)
 d - an orb of light (worn)
Scrolls
 f - a scroll of teleportation {unknown}
 g - a scroll of enchant weapon {unknown}
 h - a scroll of noise {unknown}
 j - a scroll of identify {unknown}
Potions
 c - a potion of ambrosia
 e - a potion of brilliance {unknown}
 i - a potion of magic {unknown}


   Skills:
 + Level 4.3 Fighting
 + Level 3.9 Short Blades
 + Level 3.9 Dodging


You had 2 spell levels left.
You didn't know any spells.
Your spell library contained the following spells:

 Spells                   Type           Power      Damage    Failure   Level
 Apportation              Tloc           0%         N/A       43%         1
 Alistair's Intoxication  Tmut/Pois      0%         N/A       100%        5


Dungeon Overview and Level Annotations

Branches:
Dungeon (2/15)

Altars:


Innate Abilities, Weirdness & Mutations

You have a pair of horns on your head.
You reflexively headbutt those who attack you in melee.


Message History

You are engulfed in a cloud of soporific spores!
You are unaffected.
You are too injured to fight recklessly!
You are too injured to fight recklessly!
You are too injured to fight recklessly!
You are too injured to fight recklessly!
You are too injured to fight recklessly!
You are too injured to fight recklessly!
You are too injured to fight recklessly!
You are too injured to fight recklessly!
You are too injured to fight recklessly!
You are too injured to fight recklessly!
Unknown command.
The sleepcap attacks as you move away! The sleepcap completely misses you.
A rat comes into view.
You hit the sleepcap but do no damage.
The sleepcap is lightly damaged.
The sleepcap barely misses you.
You hit the sleepcap.
The sleepcap is lightly damaged.
The sleepcap barely misses you.
You hit the sleepcap. You headbutt the sleepcap!
The sleepcap is heavily damaged.
The sleepcap barely misses you. You furiously retaliate!
You headbutt the sleepcap. You hit the sleepcap.
You headbutt the sleepcap, but do no damage.
The sleepcap is severely damaged.
You hit the sleepcap but do no damage.
The sleepcap is severely damaged.
The sleepcap closely misses you.
You hit the sleepcap. You headbutt the sleepcap.
The sleepcap is almost destroyed.
The sleepcap releases spores at you!
* * * LOW HITPOINT WARNING * * *
You are engulfed in a cloud of soporific spores!
You fall asleep.
The sleepcap releases spores at you!!
Ouch! That really hurt!
You die...

.. .. .# . ####.......#
.#.###. ..........#
####.#..... ..........#
.......... ...?.....#
.......### #........#
.......#.# #.........
...<...#.#########........#
##>#.###(.......@fr.......#
##.#.###.#########.#.#.####
...............# #.#...
#..#.###.#####.# #.###.#
.#.#.# #.# #.. .# .....#
#.# ### # .#.### #.#
##)#.###.# #.#..##.#


You could see a sleepcap and a rat.

Vanquished Creatures
  A gnoll (D:1)
  A ball python (D:1)
  3 bats (D:1)
  4 endoplasms
  3 goblins
  2 hobgoblins (D:1)
  4 jackals (D:1)
  5 kobolds
  A frilled lizard (D:1)
  4 rats (D:1)
28 creatures vanquished.

Notes
Turn   | Place    | Note
-------+----------+-------------------------------------------
     0 | D:1      | Anon1729 the Minotaur Monk began the quest for the Orb.
     0 | D:1      | Reached XP level 1. HP: 19/19 MP: 0/0
   100 | D:1      | Reached XP level 2. HP: 24/27 MP: 1/1
   188 | D:1      | Reached skill level 4 in Fighting
   414 | D:1      | Reached XP level 3. HP: 33/33 MP: 2/2
  1141 | D:2      | Demolished by a sleepcap

Illustrated notes

Levels and vault maps discovered:
D:1:      dpeg_arrival_tiny_a, layout_basic, serial_glass, glass_columns_a,
          glass_columns_b, glass_columns_a, glass_columns_c,
          due_unseen_surprise, feat_on_display
D:2:      minmay_recursive_quarters, layout_basic, hangedman_decor_growths

Skill      XL: |  1  2 |
---------------+-------+-----
Fighting       | 4 |  4.3
Short Blades   | |  3.9
Dodging        | |  3.9

Action                     || total
---------------------------++-------
  Melee: Short sword       ||    71
         Headbutt          ||    17
 Armour: Robe              ||     7
  Dodge: Dodged            ||    53
